 Dungeon Crawl Stone Soup version 0.29.1-15-g9cfb28693d (webtiles) character file.

Game seed: 611668806694070212

1675 croobank the Firebug (level 8, -1/50 HPs)
             Began as a Demonspawn Fire Elementalist on Apr 19, 2023.
             Was a Follower of Hepliaklqana.
             Slain by a vampire mosquito (10 damage)
             ... on level 6 of the Dungeon.
             The game lasted 00:16:46 (8753 turns).

croobank the Firebug (Demonspawn Fire Elementalist) Turns: 8753, Time: 00:16:47

Health: -1/50      AC:  3    Str:  9    XL:     8   Next: 70%
Magic:  3/14       EV: 13    Int: 23    God:    Hepliaklqana [*.....]
Gold:   183        SH:  0    Dex: 13    Spells: 5/15 levels left

rFire   . . .      SeeInvis +   a - +3 short sword (drain)
rCold   . . .      Faith    .   (no shield)
rNeg    . . .      Spirit   .   g - +0 robe
rPois   .          Reflect  .   (helmet unavailable)
rElec   .          Harm     .   q - +0 cloak
rCorr   .          Rampage  .   (no gloves)
Will    .....                   (no boots)
Stlth   +.........              (no amulet)
HPRegen 0.16/turn               (no ring)
MPRegen 0.14/turn               (no ring)

@: confused, ambrosia-drunk
A: reduced essence, antennae 3, powered by pain 1, big brain 2
a: Renounce Religion, Recall Ancestor, Ancestor Identity


You were on level 6 of the Dungeon.
You worshipped Hepliaklqana.
Hepliaklqana was aware of your devotion.
You visited 2 branches of the dungeon, and saw 7 of its levels.

You collected 228 gold pieces.
You spent 45 gold pieces at shops.

Inventory:

Hand Weapons
 a - a +3 short sword of draining (weapon)
 b - a +0 sling
 h - a +0 long sword of draining
 k - a +2 scythe of freezing
 l - a +0 short sword of venom
 p - a +5 spear
 u - a +0 trident
 z - a +3 flail
 A - a +4 quarterstaff of chaos
Missiles
 c - a throwing net
 m - 22 poisoned darts
Armour
 f - a +0 leather armour
 g - a +0 robe (worn)
 n - a +0 kite shield of protection
 q - a +0 cloak (worn)
Magical Staves
 s - a staff of earth
Wands
 x - a wand of flame (15)
Scrolls
 v - a scroll of identify
 w - a scroll of teleportation {unknown}
 y - a scroll of enchant weapon
Potions
 d - a potion of might
 i - a potion of degeneration {unknown}
 j - 4 potions of heal wounds {unknown}
 o - a potion of resistance {unknown}
 r - 7 potions of curing
 t - a potion of mutation {unknown}


   Skills:
 + Level 1.9 Fighting
 + Level 4.2 Dodging
 + Level 4.5 Stealth
 * Level 2.7 Shields
 + Level 4.1 Spellcasting
 + Level 4.1 Conjurations
 + Level 2.0 Hexes
 + Level 4.7 Fire Magic
 * Level 4.2 Invocations


You had 5 spell levels left.
You knew the following spells:

 Your Spells              Type           Power      Damage    Failure   Level
a - Foxfire               Conj/Fire      100%       2x1d9     1%          1
b - Scorch                Fire           52%        2d7       2%          2
c - Inner Flame           Hex/Fire       20%        N/A       8%          3
d - Flame Wave            Conj/Fire      25%        2d8       17%         4

Your spell library contained the following spells:

 Spells                   Type           Power      Damage    Failure   Level
 Magic Dart               Conj           92%        1d7       1%          1
 Conjure Flame            Conj/Fire      25%        6-21      4%          3
 Call Imp                 Summ           4%         N/A       16%         2
 Mephitic Cloud           Conj/Pois/Air  11%        N/A       17%         3


Dungeon Overview and Level Annotations

Branches:
Dungeon (6/15)             Temple (1/1) D:4

Altars:
Ashenzari
Cheibriados
Dithmenos
Fedhas
Gozag
Hepliaklqana
Kikubaaqudgha
Makhleb
Nemelex Xobeh
Okawaru
Qazlal
Ru
Sif Muna
Uskayaw
Vehumet
Wu Jian
Xom
Yredelemnul

Shops:
D:1 [   D:6 *


Innate Abilities, Weirdness & Mutations

Your life essence is reduced to manifest your ancestor. (-10% HP)
You have a pair of large antennae on your head. (SInv)
You sometimes gain a little power by taking damage.
You have an extremely huge brain. (Int +4)


Message History

The vampire mosquito is heavily damaged.
The vampire mosquito's fire resistance burns away.
You hear an angry buzzing noise.
The vampire mosquito closely misses you. x2
Casting: Scorch (safe; 2% risk of failure)
Confirm with . or Enter, or press ? or * to list all spells.
Flames lash the vampire mosquito.
The vampire mosquito is moderately damaged.
The vampire mosquito's fire resistance burns away.
The vampire mosquito bites you.
The vampire mosquito draws strength from your injuries!
The vampire mosquito bites you but does no damage.
Casting: Scorch (safe; 2% risk of failure)
Confirm with . or Enter, or press ? or * to list all spells.
Flames lash the vampire mosquito.
The vampire mosquito is burned terribly!
You destroy the vampire mosquito!
The vampire mosquito barely misses you. The vampire mosquito misses you.
Your Hexes skill increases to level 2!
Your Invocations skill increases to level 4!
You puncture the vampire mosquito!
The vampire mosquito is heavily damaged.
The vampire mosquito is no longer more vulnerable to fire.
The vampire mosquito misses you. The vampire mosquito bites you.
The vampire mosquito draws strength from your injuries!
You puncture the vampire mosquito!
The vampire mosquito is severely damaged.
The vampire mosquito barely misses you. The vampire mosquito bites you!
The vampire mosquito draws strength from your injuries!
You hit the vampire mosquito.
The vampire mosquito is severely damaged.
The vampire mosquito bites you!
The vampire mosquito draws strength from your injuries!
The vampire mosquito bites you!
* * * LOW HITPOINT WARNING * * *
The vampire mosquito draws strength from your injuries!
You are confused.
You feel invigorated. The vampire mosquito misses you.
The vampire mosquito bites you!
You die...

##########
.........#
.........#
.........#
.........#
.........#
.........###########
................@yy#
...........#[#####.#
........#ยง.#.# .#
........#..#.# .y
........#..#.# .#.
#########..#.# (#..
#..#.# .# #. #
#..#.# .# .# . #..#


You could see 2 vampire mosquitoes.

Vanquished Creatures
  Grinder (D:3)
  Sigmund (D:2)
  2 vampire mosquitoes (D:6)
  An ice beast (D:6)
  A centaur (D:6)
  4 wights (D:6)
  2 hounds
  2 jellies
  Crazy Yiuf (D:2)
  2 orc priests
  2 iguanas
  3 orc wizards
  7 gnolls
  12 adders
  A shadow imp (D:6)
  An ufetubus (D:5)
  3 worms
  3 dart slugs
  17 orcs
  8 endoplasms
  3 giant cockroaches
  7 goblins
  3 hobgoblins
  4 jackals
  17 kobolds
  6 quokkas
  6 ball pythons
  9 bats
  5 frilled lizards
  10 rats
144 creatures vanquished.

Vanquished Creatures (collateral kills)
  An orc wizard (D:6)
  2 orcs (D:6)
3 creatures vanquished.

Vanquished Creatures (others)
  3 ancestors
  213 foxfires
  A fungus (D:1)
  4 plants
221 creatures vanquished.

Grand Total: 368 creatures vanquished

Notes
Turn   | Place    | Note
-------+----------+-------------------------------------------
     0 | D:1      | croobank the Demonspawn Fire Elementalist began the quest
                  | for the Orb.
     0 | D:1      | Reached XP level 1. HP: 13/13 MP: 3/3
   210 | D:1      | Gained mutation: You have an unusually large brain. (Int
                  | +2) [demonic ancestry]
   210 | D:1      | Reached XP level 2. HP: 19/19 MP: 3/5
   233 | D:1      | Learned a level 2 spell: Scorch
   285 | D:1      | You fall into a shaft and drop 1 floor!
   661 | D:2      | Noticed Sigmund
   891 | D:1      | Gained mutation: You have a pair of small antennae on your
                  | head. [demonic ancestry]
   891 | D:1      | Reached XP level 3. HP: 24/24 MP: 3/6
   895 | D:1      | Learned a level 3 spell: Inner Flame
  1250 | D:1      | Found Jutamp's Armour Shoppe.
  1329 | D:1      | Found a faded altar of an unknown god.
  1763 | D:2      | Gained mutation: You have an extremely huge brain. (Int +4)
                  | [demonic ancestry]
  1763 | D:2      | Reached XP level 4. HP: 30/30 MP: 0/7
  2119 | D:2      | Found a runed translucent door.
  2120 | D:2      | Noticed Crazy Yiuf
  2177 | D:2      | Killed Sigmund
  2178 | D:2      | Gained mutation: You have a pair of antennae on your head.
                  | [demonic ancestry]
  2178 | D:2      | Reached XP level 5. HP: 22/35 MP: 6/9
  2857 | D:2      | Gained mutation: You sometimes gain a little power by
                  | taking damage. [demonic ancestry]
  2857 | D:2      | Reached XP level 6. HP: 31/41 MP: 2/10
  3180 | D:2      | Found a radiant altar of Vehumet.
  4130 | D:3      | Noticed Grinder
  4132 | D:3      | Paralysed by Grinder for 2 turns
  4135 | D:3      | Paralysed by Grinder for 5 turns
  4140 | D:3      | Killed Grinder
  4141 | D:3      | Gained mutation: You have a pair of large antennae on your
                  | head. (SInv) [demonic ancestry]
  4141 | D:3      | Reached XP level 7. HP: 30/46 MP: 1/12
  5436 | D:4      | Found a staircase to the Ecumenical Temple.
  5445 | Temple   | Entered the Ecumenical Temple
  5489 | Temple   | Became a worshipper of Hepliaklqana the Forgotten
  5495 | Temple   | Learned a level 4 spell: Flame Wave
  6196 | D:5      | Entered Level 5 of the Dungeon
  6213 | D:5      | Reached skill level 1 in Invocations
  6715 | D:5      | Reached * piety under Hepliaklqana
  7251 | D:5      | Reached skill level 1 in Shields
  7726 | D:6      | Reached skill level 1 in Hexes
  7842 | D:6      | Reached skill level 1 in Fighting
  7851 | D:6      | Reached XP level 8. HP: 42/48 MP: 5/13
  8230 | D:2      | Killed Crazy Yiuf
  8647 | D:6      | Found Zoqean's General Store.
  8663 | D:6      | Bought a potion of curing for 45 gold pieces
  8753 | D:6      | Slain by a vampire mosquito

Illustrated notes

Levels and vault maps discovered:
D:1:      pf_arrival_petrified_forest, layout_basic, serial_shops,
          nicolae_shop_hallway_plus, shapermc_ecumenical_altar_hornbeckon
D:2:      minmay_kobold_bridge, layout_loops_corners, basic_altar,
          minmay_tripent, uniq_crazy_yiuf_cottage, uniq_sigmund
D:3:      layout_basic, st_stairs_4, serial_bayou_pond_b, supply_closet_lemuel,
          uniq_grinder
D:4:      layout_basic, minmay_temple_entry_glassed_door
D:5:      layout_basic, serial_bayou_crossing
D:6:      layout_basic, serial_shops,
          nicolae_shop_temple_entry_statues_fountains
Temple:   nicolae_temple_the_god_donut

Skill      XL: |  1  2  3  4  5  6  7  8 |
---------------+-------------------------+-----
Stealth        | 2 3 4 |  4.5
Dodging        | 2 3 4 |  4.2
Fire Magic     | 3 4 |  4.7
Spellcasting   | 3 4 |  4.1
Conjurations   | 2 3 4 |  4.1
Invocations    | 2 4 |  4.2
Shields        | 1 2 |  2.7
Hexes          | 1 2 |  2.0
Fighting       | 1 |  1.9

Action                   |  1- 3 |  4- 6 |  7- 9 || total
-------------------------+-------+-------+-------++-------
Melee: Dagger            |    29 |       |       ||    29
       Short sword       |     1 |    22 |    43 ||    66
       Punch             |       |     1 |       ||     1
 Cast: Foxfire           |    33 |    16 |    75 ||   124
       Scorch            |    17 |    33 |    65 ||   115
  Use: Potion            |     1 |     1 |     1 ||     3
       Scroll            |       |     4 |     4 ||     8
 Stab: Sleeping          |       |     3 |     1 ||     4
Armor: Robe              |     4 |     3 |    21 ||    28
Dodge: Dodged            |    27 |    19 |    90 ||   136
